 Dungeon Crawl Stone Soup version 0.27-a0-423-gf312af23e9 (webtiles) character file.

Game seed: 11863123886384101733

86898 snetch the Tortoise (level 15, -14/138 (144) HPs)
             Began as a Minotaur Berserker on Feb 25, 2021.
             Was a High Priest of Trog.
             Demolished by an ice devil (16 damage)
             ... summoned by an orc sorcerer
             ... on level 2 of the Orcish Mines on Feb 26, 2021.
             The game lasted 01:23:36 (22587 turns).

snetch the Tortoise (Minotaur Berserker)           Turns: 22587, Time: 01:23:36

HP:   -14/138 (144) AC: 25    Str: 26    XL:     15   Next: 42%
MP:   14/14         EV: 12    Int:  4    God:    Trog [*****.]
Gold: 2073          SH:  0    Dex: 12    Spells: 14/14 levels left

rFire    . . .     SeeInvis +   a - +4 executioner's axe
rCold    . . .     Faith    .   (shield currently unavailable)
rNeg     . . .     Spirit   .   q - +4 plate armour
rPois    .         Reflect  .   (helmet restricted)
rElec    .         Harm     .   (no cloak)
rCorr    .         Rampage  .   H - +0 pair of gloves
Will     ++...                  r - +0 pair of boots
Stlth    ..........             x - amulet of regeneration
HPRegen  1.33/turn              i - ring of willpower
MPRegen  0.14/turn              Z - ring of see invisible

@: lightly drained
A: retaliatory headbutt, horns 2
a: Renounce Religion, Berserk, Trog's Hand, Brothers in Arms


You were on level 2 of the Orcish Mines.
You worshipped Trog.
Trog was extremely pleased with you.
You visited 4 branches of the dungeon, and saw 24 of its levels.
You visited the Abyss 1 time.
You also visited: Ossuary.

You collected 2377 gold pieces.
You spent 304 gold pieces at shops.

Inventory:

Hand Weapons
 a - a +4 executioner's axe (weapon)
 b - the +6 long sword "Jafreogipt" {flame, rElec rF+}
   (You found it on level 4 of the Dungeon)

   It has been specially enchanted to burn those struck by it, causing extra
   injury to most foes and up to half again as much damage against particularly
   susceptible opponents.
   Big, fiery blades are also staple armaments of hydra-hunters.
   It protects you from fire.
   It insulates you from electricity.
 c - the +6 whip of Integrity {vorpal, rC+ Int+3 Dex+3 SInv}
   (You found it on level 6 of the Dungeon)

   It inflicts extra damage upon your enemies.
   It affects your intelligence (+3).
   It affects your dexterity (+3).
   It protects you from cold.
   It lets you see invisible.
Missiles
 n - 15 boomerangs (quivered)
 u - 88 poisoned darts
 G - 6 throwing nets
 J - 9 curare-tipped darts
 S - 2 atropa-tipped darts
 W - 18 javelins
Armour
 q - a +4 plate armour (worn)
 r - a +0 pair of boots (worn)
 H - a +0 pair of gloves (worn)
Jewellery
 f - a ring of protection from cold
 i - a ring of willpower (left hand)
 j - a ring of fire
 v - a ring of positive energy
 x - an amulet of regeneration (around neck)
 Z - a ring of see invisible (right hand)
Wands
 e - a wand of iceblast (13)
 w - a wand of flame (38)
 B - a wand of mindburst (16)
 K - a wand of random effects (12)
 N - a wand of paralysis (14)
 X - a wand of polymorph (8)
 Y - a wand of charming (9)
Scrolls
 d - 2 scrolls of vulnerability
 g - 2 scrolls of brand weapon
 l - 5 scrolls of enchant armour
 m - 7 scrolls of fog
 o - 13 scrolls of teleportation
 t - 8 scrolls of enchant weapon
 I - 3 scrolls of blinking
 L - a scroll of immolation {unknown}
 O - 2 scrolls of holy word
 P - 2 scrolls of summoning
 R - 2 scrolls of silence
 T - 5 scrolls of magic mapping
Potions
 h - a potion of resistance
 k - 11 potions of heal wounds
 p - 8 potions of curing
 s - 6 potions of flight
 z - a potion of ambrosia
 A - 6 potions of attraction
 C - 3 potions of might
 E - 3 potions of cancellation
 F - 3 potions of haste
 Q - 2 potions of invisibility
 U - a potion of mutation
 V - 2 potions of lignification
Miscellaneous
 y - a tin of tremorstones (2/2)
 D - a phial of floods


   Skills:
 + Level 16.0 Fighting
 + Level 4.1 Long Blades
 + Level 13.8(15.3) Axes
 - Level 11.2(13.9) Maces & Flails
 + Level 3.8(10.0) Polearms
 + Level 4.1 Throwing
 + Level 17.9 Armour
 + Level 8.1 Dodging
 + Level 4.1 Stealth
 - Level 4.0 Shields


You had 14 spell levels left.
You didn't know any spells.
Your spell library contained the following spells:

 Spells                   Type           Power        Failure   Level
 Animate Skeleton         Necr           0%           97%         1
 Apportation              Tloc           0%           97%         1
 Corona                   Hex            0%           97%         1
 Magic Dart               Conj           0%           97%         1
 Summon Small Mammal      Summ           0%           97%         1
 Blink                    Tloc           N/A          99%         2
 Call Imp                 Summ           0%           99%         2
 Slow                     Hex            0%           99%         2
 Call Canine Familiar     Summ           0%           100%        3
 Conjure Flame            Conj/Fire      0%           100%        3
 Mephitic Cloud           Conj/Pois/Air  0%           100%        3
 Summon Guardian Golem    Hex/Summ       0%           100%        3
 Summon Ice Beast         Ice/Summ       0%           100%        4
 Summon Lightning Spire   Summ/Air       0%           100%        4


Dungeon Overview and Level Annotations

Branches:
Dungeon (15/15)            Temple (1/1) D:6            Lair (6/6) D:11
  Swamp (0/4) Lair:4       Spider (0/4) Lair:4        Slime (0/5) Lair:6
    Orc (2/2) D:12            Elf (0/3) Orc:2        Vaults (0/5) D:14
 Depths (0/5) D:15        Ossuary (visited)

Altars:
Ashenzari
Cheibriados
Dithmenos
Elyvilon
Fedhas
Gozag
Hepliaklqana
Kikubaaqudgha
Makhleb
Nemelex Xobeh
Okawaru
Qazlal
Ru
Sif Muna
Trog
Uskayaw
Vehumet
Wu Jian
Xom
Yredelemnul
Zin
The Shining One

Shops:
D:4 [((*   D:5 ?   D:6 *   D:7 [?   D:10 (   D:12 [   D:14 (   Orc:1 *

Annotations:
D:3 lava
D:6 angel behind stone glass
D:8 eel behind glass
D:10 3 runed translucent doors
Lair:6 lava


Innate Abilities, Weirdness & Mutations

You reflexively headbutt those who attack you in melee.
You have a pair of horns on your head.


Message History

You headbutt the ice devil. The sun demon barely misses you.
You furiously retaliate!
You headbutt the sun demon. The orc warrior closely misses you.
You hit the orc sorcerer but do no damage.
The orc sorcerer is almost dead.
You slice the orc warrior!!
You kill the orc warrior!
Trog accepts your kill.
You hit the sun demon. You hit the ice devil. The sun demon hits you.
You are engulfed in flames!
The orc sorcerer casts a spell.
The ice devil hits you! The ice devil freezes you! The sun demon hits you!
You are engulfed in flames!!
* * * LOW HITPOINT WARNING * * *
The ice devil closely misses you. The orc sorcerer misses you.
You closely miss the orc sorcerer.
The orc sorcerer is almost dead.
You closely miss the ufetubus. You slice the sun demon!!
You slash the ice devil! The ufetubus misses you. You furiously retaliate!
You headbutt the ufetubus!
You kill the ufetubus!
The sun demon hits you but does no damage.
The ice devil hits you but does no damage.
The orc sorcerer hits you but does no damage.
You barely miss the orc sorcerer.
The orc sorcerer is almost dead.
You hit the chaos spawn but do no damage.
You closely miss the orc sorcerer. You closely miss the sun demon.
You completely miss the ice devil.
The ynoxinul gestures.
The sun demon hits you!
* * * LOW HITPOINT WARNING * * *
You are engulfed in flames!
* * * LOW HITPOINT WARNING * * *
The orc sorcerer closely misses you.
The chaos spawn gores you but does no damage.
The ice devil hits you!
* * * LOW HITPOINT WARNING * * *
The ice devil freezes you!
You die...

### ###############
##.###...#..#...#..##.
#.....................
####............5...5...
#.##.............45.....
....#..........†@o3.....
.^.............o34......
................5.......
............^......)....
........................
........................
...#.#..................
.#####...##.....##......
.# ...# ..


You could see a sun demon (summoned), an ice devil (summoned), a ynoxinul
(summoned), a chaos spawn (summoned), 2 orc sorcerers and 4 ufetubi.

Vanquished Creatures
  Frances (D:12)
  A frost giant (D:15)
  A very ugly thing (D:14)
  Snorg (D:14)
  A fire dragon (Lair:6)
  A yaktaur captain (D:14)
  Harold (D:8)
  A boulder beetle (D:12)
  5 hydras
  4 centaur warriors
  A catoblepas (D:14)
  A death knight (D:12)
  3 two-headed ogres
  14 death yaks
  Sonja (Lair:1)
  2 skeletal warriors (D:12)
  An unseen horror (D:10)
  A wizard (D:14)
  An orc knight (Orc:2)
  Pikel (D:8)
  2 oklob plants (D:11)
  A deep elf pyromancer (D:15)
  A deep elf zephyrmancer (D:14)
  A lindwurm (Lair:6)
  An orc sorcerer (Orc:2)
  17 ugly things
  3 cyclopes
  2 manticores
  9 elephants (Lair:6)
  6 black mambas (Lair:6)
  2 torpor snails
  7 cane toads
  A gargoyle (D:9)
  2 molten gargoyles (Lair:6)
  3 rime drakes
  20 komodo dragons
  Psyche (D:8)
  3 yaktaurs
  A freezing wraith (D:12)
  7 trolls
  4 polar bears
  A harpy zombie (D:14)
  3 meliai (D:15)
  A harpy skeleton (D:15)
  6 dream sheep (Lair:5)
  13 blink frogs
  5 slime creatures (D:15)
  2 shadows
  3 redbacks (Lair:4)
  44 yaks
  Grum (D:8)
  8 wyverns
  8 spriggans
  3 steam dragons
  5 wraiths
  5 basilisks
  4 wargs
  A soldier ant (D:12)
  2 swamp worms (Lair:4)
  10 water moccasins
  A hell hound (Lair:6)
  2 acid dragons
  12 orc warriors
  5 sky beasts
  A black bear (D:12)
  6 ogres
  12 centaurs
  8 wolves
  A phantom (D:6)
  3 kobold brigands
  3 elf zombies
  20 bullfrogs
  A gnoll sergeant (D:10)
  A wyvern zombie (D:10)
  2 elf skeletons (D:6)
  A water moccasin zombie (D:6)
  4 scorpions
  A wyvern skeleton (D:14)
  11 wights
  A howler monkey (D:5)
  An electric eel (D:14)
  4 centaur zombies
  4 lava snakes (Lair:6)
  A bullfrog zombie (D:12)
  6 hounds
  3 bullfrog skeletons
  3 human zombies (Ossuary)
  5 jellies
  9 orc priests
  4 centaur skeletons
  A human skeleton (D:6)
  2 iguanas
  16 orc wizards
  9 worker ants
  3 hound zombies
  3 mummies (Ossuary)
  2 howler monkey zombies
  3 gnolls (D:9)
  10 adders
  A shadow imp (D:6)
  4 white imps
  2 adder zombies
  A worm (D:2)
  4 dart slugs
  4 leopard geckos
  46 orcs
  A ball python (D:1)
  7 giant cockroaches
  6 goblins
  5 hobgoblins
  15 jackals
  5 quokkas
  2 bats (D:3)
  4 frilled lizards
  A giant cockroach zombie (D:6)
  2 gnoll zombies (Ossuary)
  2 goblin zombies (Ossuary)
  2 hobgoblin zombies (Ossuary)
  A jackal skeleton (D:5)
  5 jackal zombies (Ossuary)
  22 kobolds
  6 kobold zombies (Ossuary)
  2 orc skeletons (D:6)
  A quokka skeleton (D:5)
  5 quokka zombies
  4 rats
  4 rat zombies (Ossuary)
611 creatures vanquished.

Vanquished Creatures (collateral kills)
  A hydra (Lair:1)
  A molten gargoyle (Lair:6)
  A cane toad (Lair:1)
  A komodo dragon (Lair:1)
  2 spriggans (D:10)
  A water moccasin (Lair:1)
  A hell hound (Lair:6)
  An orc (D:10)
9 creatures vanquished.

Vanquished Creatures (others)
  A hell hound (Lair:6)
  An orc wizard (Orc:2)
  22 fungi
  37 plants
  4 toadstools (D:1)
65 creatures vanquished.

Grand Total: 685 creatures vanquished

Notes
Turn   | Place    | Note
-------+----------+-------------------------------------------
     0 | D:1      | snetch the Minotaur Berserker began the quest for the Orb.
     0 | D:1      | Reached XP level 1. HP: 19/19 MP: 0/0
   143 | D:1      | Reached XP level 2. HP: 26/27 MP: 1/1
   686 | D:1      | Reached XP level 3. HP: 21/33 MP: 2/2
  1684 | D:2      | Found an ornate altar of the Wu Jian Council.
  1697 | D:2      | Found a basalt altar of Yredelemnul.
  1699 | D:2      | Found a shimmering blue altar of Sif Muna.
  1934 | D:3      | Reached ** piety under Trog
  1937 | D:3      | Reached XP level 4. HP: 41/41 MP: 3/3
  2050 | D:3      | Reached skill level 1 in Polearms
  2097 | D:5      | Entered Level 5 of the Dungeon
  2111 | D:5      | Reached XP level 5. HP: 12/47 MP: 4/4
  2113 | D:5      | Reached skill level 5 in Axes
  2113 | D:5      | Reached skill level 3 in Armour
  2376 | D:5      | Reached XP level 6. HP: 36/55 MP: 5/5
  2808 | D:3      | Found a burning altar of Makhleb.
  2890 | D:3      | Reached *** piety under Trog
  3122 | D:4      | Found Mufaonge's Assorted Antiques.
  3143 | D:4      | Reached skill level 5 in Fighting
  3377 | D:4      | Found Inogad's Antique Armour Emporium.
  3412 | D:4      | Identified a masterwork long sword
  3456 | D:4      | Found Soeqorea's Weapon Shop.
  3597 | D:4      | Found Mexiac's General Store.
  3603 | D:4      | Bought a wand of flame (17) for 95 gold pieces
  3603 | D:4      | Bought a potion of attraction for 30 gold pieces
  3603 | D:4      | Bought a potion of degeneration for 10 gold pieces
  3614 | D:4      | Found Hiomuyxa's Antique Weapon Shop.
  4221 | D:5      | Reached XP level 7. HP: 60/61 MP: 6/6
  4236 | D:6      | Found Xojiuz's Hallowed Reliquary.
  4236 | D:6      | Noticed an angel
  4239 | D:6      | Found a white marble altar of Elyvilon.
  4246 | D:6      | Identified a fine whip
  4254 | D:6      | Reached skill level 4 in Armour
  4264 | D:6      | Bought a potion of curing for 36 gold pieces
  4291 | D:6      | Reached skill level 1 in Long Blades
  4364 | D:6      | Found a staircase to the Ecumenical Temple.
  4434 | D:6      | Reached skill level 1 in Maces & Flails
  4434 | D:6      | Reached skill level 1 in Stealth
  4459 | D:6      | Reached XP level 8. HP: 40/70 MP: 7/7
  4532 | D:6      | Reached skill level 5 in Armour
  4815 | D:6      | Found a sand-covered staircase.
  4824 | Ossuary  | Entered an ossuary
  5039 | Ossuary  | Reached **** piety under Trog
  5226 | Ossuary  | Reached skill level 5 in Maces & Flails
  5367 | D:5      | Found Ympic's Magic Scroll Shop.
  5399 | D:5      | Bought a scroll of identify for 26 gold pieces
  5399 | D:5      | Bought a scroll of magic mapping for 45 gold pieces
  5399 | D:5      | Bought a scroll of fog for 26 gold pieces
  5443 | D:5      | Reached skill level 6 in Armour
  5526 | D:5      | Found a shimmering altar of Xom.
  6229 | D:7      | Found Rinugal's Antique Armour Shop.
  6247 | D:7      | Found an ancient bone altar of Kikubaaqudgha.
  6334 | Temple   | Entered the Ecumenical Temple
  6453 | D:6      | Bought a potion of curing for 36 gold pieces
  6469 | D:7      | Reached XP level 9. HP: 77/78 MP: 8/8
  6697 | D:7      | Found Emi Funy's Magic Scroll Boutique.
  6804 | D:7      | Found a glowing silver altar of Zin.
  6805 | D:7      | Found an opulent altar of Gozag.
  7128 | D:8      | Noticed Harold
  7138 | D:8      | Killed Harold
  7139 | D:8      | Reached skill level 7 in Armour
  7235 | D:8      | Noticed Psyche
  7247 | D:8      | Killed Psyche
  7432 | D:8      | Found a sparkling altar of Nemelex Xobeh.
  7517 | D:8      | Noticed Grum
  7531 | D:8      | Reached skill level 8 in Armour
  7538 | D:8      | Killed Grum
  7539 | D:8      | Reached skill level 5 in Dodging
  7682 | D:8      | Noticed Pikel
  7697 | D:8      | Killed Pikel
  7698 | D:8      | Reached XP level 10. HP: 83/88 MP: 9/9
  8341 | D:9      | Noticed a centaur warrior
  8345 | D:9      | Noticed a gargoyle
  8354 | D:9      | Killed a centaur warrior
  8355 | D:9      | Reached skill level 10 in Maces & Flails
  8355 | D:9      | Reached skill level 9 in Armour
  8362 | D:9      | Killed a gargoyle
  8618 | D:9      | Reached ***** piety under Trog
  9061 | D:10     | Entered Level 10 of the Dungeon
  9141 | D:10     | Noticed a centaur warrior
  9149 | D:10     | Killed a centaur warrior
  9448 | D:10     | Noticed an unseen horror
  9449 | D:10     | Reached skill level 10 in Armour
  9462 | D:10     | Reached XP level 11. HP: 80/97 MP: 10/10
  9482 | D:10     | Killed an unseen horror
  9938 | D:10     | Found Dephet's Antique Weapon Shoppe.
 10087 | D:10     | Found a runed translucent gate.
 10087 | D:10     | Found a runed translucent gate.
 10087 | D:10     | Found a runed translucent gate.
 10088 | D:10     | Noticed a glowing orange brain
 10088 | D:10     | Noticed a white ugly thing
 10088 | D:10     | Noticed a brown ugly thing
 10088 | D:10     | Noticed a red ugly thing
 10161 | D:10     | Reached skill level 10 in Fighting
 10482 | D:10     | Reached skill level 11 in Armour
 10788 | D:11     | Found a staircase to the Lair.
 10788 | D:11     | Noticed an oklob plant
 11380 | D:11     | Received a gift from Trog
 11567 | D:11     | Noticed a red ugly thing
 11581 | D:11     | Killed a red ugly thing
 11877 | D:11     | Noticed an oklob plant
 11919 | D:11     | Killed an oklob plant
 11941 | D:11     | Killed an oklob plant
 12040 | D:12     | Noticed Frances
 12067 | D:12     | Killed Frances
 12068 | D:12     | Reached skill level 12 in Armour
 12068 | D:12     | Reached skill level 1 in Shields
 12143 | D:12     | Noticed a boulder beetle
 12191 | D:12     | Killed a boulder beetle
 12192 | D:12     | Reached XP level 12. HP: 84/110 MP: 11/11
 12349 | D:12     | Noticed a two-headed ogre
 12360 | D:12     | Killed a two-headed ogre
 12361 | D:12     | Found Extiox's Antique Armour Shoppe.
 12364 | D:12     | Reached skill level 13 in Armour
 12404 | D:12     | Found a staircase to the Orcish Mines.
 12562 | D:13     | Noticed a death knight
 12587 | D:12     | Killed a death knight
 13008 | D:13     | Noticed a two-headed ogre
 13018 | D:13     | Killed a two-headed ogre
 13343 | D:13     | Reached skill level 14 in Armour
 13774 | D:14     | Noticed Snorg
 13803 | D:14     | Killed Snorg
 13898 | D:14     | Found a gate to the Vaults.
 13906 | D:14     | Noticed a yaktaur captain
 13928 | D:14     | Killed a yaktaur captain
 13929 | D:14     | Reached skill level 15 in Armour
 13988 | D:14     | Reached XP level 13. HP: 122/122 MP: 12/12
 14238 | D:14     | Noticed a purple very ugly thing
 14286 | D:14     | Killed a purple very ugly thing
 14514 | D:15     | Entered Level 15 of the Dungeon
 14637 | D:14     | Reached skill level 1 in Throwing
 14667 | D:14     | Found Saissuxi's Weapon Emporium.
 15092 | D:15     | Reached skill level 16 in Armour
 15144 | D:15     | Found a sacrificial altar of Ru.
 15849 | D:15     | Found a staircase to the Depths.
 15849 | D:15     | Noticed a frost giant
 15861 | D:15     | Killed a frost giant
 16025 | Lair:1   | Entered Level 1 of the Lair of Beasts
 16050 | Lair:1   | Noticed Sonja
 16061 | Lair:1   | Killed Sonja
 16262 | Lair:1   | Received a gift from Trog
 16309 | Lair:1   | Reached XP level 14. HP: 120/133 MP: 13/13
 17014 | Lair:2   | Reached skill level 17 in Armour
 17153 | Lair:2   | Found a shimmering blue altar of Sif Muna.
 17211 | Lair:2   | Upgraded the game from 0.27-a0-417-g317cea8a3c to
                  | 0.27-a0-423-gf312af23e9
 18146 | Lair:3   | You fall into a shaft and drop 2 floors!
 18208 | Lair:5   | Reached skill level 15 in Fighting
 18532 | Lair:4   | Reached skill level 10 in Axes
 18700 | Lair:4   | Received a gift from Trog
 18756 | Lair:4   | Found a hole to the Spider Nest.
 18951 | Lair:4   | Found a staircase to the Swamp.
 20251 | Lair:6   | Entered Level 6 of the Lair of Beasts
 20251 | Lair:6   | Found a staircase to the Slime Pits.
 20862 | Lair:6   | Reached XP level 15. HP: 134/141 MP: 14/14
 21291 | Lair:6   | Found a large runed translucent door.
 21423 | Lair:6   | Found a large runed translucent door.
 21826 | Orc:1    | Entered Level 1 of the Orcish Mines
 21907 | Orc:1    | Cast into level 1 of the Abyss (orc priest)
 21920 | Orc:1    | Escaped the Abyss
 21948 | Orc:1    | Found Hoti's General Store.
 22061 | Orc:1    | Found a bloodstained altar of Trog.
 22165 | Orc:2    | Entered Level 2 of the Orcish Mines
 22169 | Orc:2    | Received a gift from Trog
 22412 | Orc:2    | Found a burning altar of Makhleb.
 22505 | Orc:2    | Found a staircase to the Elven Halls.
 22587 | Orc:2    | HP: 2/138 [ice devil[an orc sorcerer] (7)]
 22587 | Orc:2    | Demolished by an ice devil

Illustrated notes

Levels and vault maps discovered:
D:1:      ldierk_water_garden, layout_loops_cross
D:2:      layout_rooms, grunt_temple_overflow_open
D:3:      layout_basic, lightli_temple_of_fire
D:4:      layout_basic, serial_shops, shop, kennysheep_little_box, shop, shop,
          nicolae_shop_competitors_out_of_business, amcnicky_mini_pool_small,
          minivault_5
D:5:      layout_loops_cross, xom_teletrap_fun, serial_shops,
          nicolae_shop_window_shopping, grunt_decor_resistance,
          corexii_leaking_fountain, minmay_fountain_box
D:6:      layout_basic, minmay_temple_entry_wispy,
          nicolae_ossuary_entry_catacombs, minivault_19, palyth_stone_intersect,
          nicolae_good_shop
D:7:      layout_rooms, grunt_temple_overflow_gold_and_silver,
          kiku_gazebo_garden_becter, serial_shops, shop, shop
D:8:      layout_loops_ring, basic_altar, serial_aquarium,
          aquarium_bridge_long_separate [aquarium_subvault_window,
          aquarium_subvault_bridge, aquarium_subvault_wall,
          aquarium_subvault_bridge, aquarium_subvault_wall,
          aquarium_subvault_wall], aquarium_window_double, aquarium_window_1,
          aquarium_view_2d, uniq_psyche, uniq_grum, uniq_pikel, uniq_harold
D:9:      minmay_distorted_concentric_squares, layout_irregular_city
D:10:     kb_forest_paths, layout_rooms, serial_shops, shop,
          ploomutoo_gammafunk_ghost_potion_laboratory
D:11:     layout_irregular_city, dpeg_oklobed_lair
D:12:     layout_basic, orc_0_dummy, serial_shops, shop, uniq_frances
D:13:     layout_loops_ring, kennysheep_generic_room_9
D:14:     layout_basic, david_vaults_2, serial_shops, kennysheep_mini_moat,
          fungi_pond_lemuel, uniq_snorg
D:15:     grunt_enter_depths_snipers, layout_small_grid,
          nicolae_ru_the_path_less_chosen
Temple:   zaba_magenta_temple
Lair:1:   layout_hall_layers, lemuel_fruit_fields, uniq_sonja
Lair:2:   layout_roguey, basic_altar, minivault_27, serial_bayou_shore_b
Lair:3:   layout_regular_city
Lair:4:   layout_roguey, palyth_hydra_swamp_entry, spider_nest_entry_webs,
          grunt_forest_large_clearing_hut, serial_bayou_shore_b
Lair:5:   layout_misc_corridors, infiniplex_staircase_pool
Lair:6:   cheibrodos_lair_end_hotspot, layout_misc_corridors, slime_dummy
Orc:1:    layout_diamond_mine, basic_altar, serial_shops,
          nicolae_shop_statue_plus, uniq_nergalle
Orc:2:    kennysheep_orc_mage_school, layout_diamond_mine, bloody_makhleb

Skill      XL: |  1  2  3  4  5  6  7  8  9 10 11 12 13 14 15 |
---------------+----------------------------------------------+-----
Axes           | 4 5 6 7 12 13 | 13.8
Fighting       | 4 5 6 8 9 11 13 14 15 16 | 16.0
Polearms       | 2 3 |  3.8
Dodging        | 3 4 5 6 7 8 |  8.1
Armour         | 3 4 6 8 10 12 15 16 17 | 17.9
Long Blades    | 2 4 |  4.1
Maces & Flails | 2 6 9 11 | 11.2
Stealth        | 1 2 3 4 |  4.1
Shields        | 2 4 |  4.0
Throwing       | 3 4 |  4.1

Action                   |  1- 3 |  4- 6 |  7- 9 | 10-12 | 13-15 || total
-------------------------+-------+-------+-------+-------+-------++-------
Melee: Hand axe          |    61 |       |       |       |       ||    61
       Headbutt          |    11 |    14 |    65 |   190 |   251 ||   531
       Trident           |    29 |    30 |       |       |       ||    59
       War axe           |       |    60 |       |       |       ||    60
       Long sword        |       |     5 |    10 |       |    27 ||    42
       Whip              |       |       |   297 |   656 |   319 ||  1272
       Broad axe         |       |       |       |       |   526 ||   526
       Executioner's axe |       |       |       |       |    37 ||    37
Throw: Boomerang         |       |       |       |       |    12 ||    12
       Dart              |       |       |       |       |     7 ||     7
Invok: Berserk           |       |     1 |     1 |     4 |     5 ||    11
       Trog's Hand       |       |       |     1 |     7 |     9 ||    17
       Brothers in Arms  |       |       |       |     1 |     4 ||     5
  Use: Scroll            |       |       |    13 |     7 |     3 ||    23
       Potion            |       |       |       |       |     1 ||     1
 Stab: Petrified         |       |       |       |       |     2 ||     2
Armor: Animal skin       |     6 |       |       |       |       ||     6
       Ice dragon scales |    14 |    57 |   110 |    58 |       ||   239
       Ring mail         |     1 |       |       |       |       ||     1
       Plate armour      |       |       |       |   132 |   476 ||   608
Dodge: Dodged            |    59 |    63 |   116 |   220 |   430 ||   888
Block: Buckler           |       |       |       |    51 |   156 ||   207
       Rpst.: Long sword |       |       |     6 |       |     3 ||     9

Table legend: (Time is in decaauts)
 A = Elapsed time spent in this place.
 B = Non-inter-level travel time spent in this place.
 C = Inter-level travel time spent in this place.
 D = Time resting spent in this place.
 E = Time spent auto-exploring this place.
 F = Levels seen in this place.
 G = Mean time per level.
                   A        B        C        D        E       F      G
               +--------+--------+--------+--------+--------+-----+--------+
         Total |  22300 |  20819 |   1481 |    795 |  13889 |  26 |  857.7 |
       Dungeon |  15190 |  14168 |   1022 |    795 |   9237 |  15 | 1012.7 |
        Temple |     73 |     55 |     18 |      0 |     54 |   1 |   73.0 |
          Lair |   5799 |   5394 |    405 |      0 |   3729 |   6 |  966.5 |
  Orcish Mines |    750 |    714 |     36 |      0 |    524 |   2 |  375.0 |
         Abyss |     12 |     12 |      0 |      0 |      0 |   1 |   12.0 |
       Ossuary |    473 |    473 |      0 |      0 |    345 |   1 |  473.0 |
               +--------+--------+--------+--------+--------+-----+--------+

Top non-repeatable levels by time:
    D:10: 1840 daAuts
     D:1: 1472 daAuts
     D:4: 1361 daAuts
    D:14: 1255 daAuts
  Lair:4: 1252 daAuts
  Lair:6: 1128 daAuts
     D:9: 1037 daAuts
     D:8: 1003 daAuts
  Lair:1: 1002 daAuts
    D:11: 971 daAuts
    D:12: 942 daAuts
     D:6: 938 daAuts
  Lair:2: 908 daAuts
  Lair:3: 886 daAuts
    D:15: 845 daAuts
